[Event "Late-Titled-Tuesday-Blitz-September-05-2023"]
[Site "Chess.com"]
[Date "2023.09.05"]
[Round "4"]
[White "Matibar"]
[Black "Polish_fighter3000"]
[Result "1/2-1/2"]
[WhiteElo "2893"]
[BlackElo "3082"]
[TimeControl "180+1"]
[EndTime "14:37:40 PDT"]
[Termination "Game drawn by repetition"]

1. e4 g6 2. d4 Bg7 3. Nf3 b6 4. a4 Bb7 5. Bd3 a6 6. O-O d6 7. Re1 e6 8. Nbd2 Nd7 9. Nf1 Ne7 10. c3 O-O 11. Ng3 h6 12. h4 c5 13. Bf4 e5 14.
dxe5 Nxe5 15. Nxe5 dxe5 16. Be3 Qc7 17. Qe2 h5 18.
Bc4 Bf6 19. Nxh5 gxh5 20. Qxh5 b5 21. Qg4+ Kh7 22. Qh5+ Kg8 23. Qg4+ Kh8 24. Qh5+ Kg8 1/2-1/2

[Event "Late-Titled-Tuesday-Blitz-September-05-2023"]
[Site "Chess.com"]
[Date "2023.09.05"]
[Round "4"]
[White "KaydenTroffChess"]
[Black "IamSchrodingersCat"]
[Result "1-0"]
[WhiteElo "2787"]
[BlackElo "2557"]
[TimeControl "180+1"]
[EndTime "14:37:43 PDT"]
[Termination "KaydenTroffChess won by checkmate"]

1. d4 Nf6 2. Nf3 g6 3. Bg5 Bg7 4. e3 O-O 5. Nbd2 d5 6. Bd3 Bf5 7. Bxf5 gxf5 8. Ne5 c6 9. f4 Ne4 10. Bh4 f6 11. Nd3 Nd7 12. g4 fxg4 13. Qxg4 f5 14. Qg2 Kh8 15. Rg1 Rg8 16. Qh3 Qf8 17. O-O-O e6 18.
Nf3 Bh6 19. Nfe5 Nxe5 20. Nxe5 Bg7 21. Ng6+ hxg6 22. Bf6# 1-0

[Event "Late-Titled-Tuesday-Blitz-September-05-2023"]
[Site "Chess.com"]
[Date "2023.09.05"]
[Round "4"]
[White "Garmendiarov"]
[Black "JG-17"]
[Result "0-1"]
[WhiteElo "2347"]
[BlackElo "2614"]
[TimeControl "180+1"]
[EndTime "14:37:46 PDT"]
[Termination "JG-17 won by resignation"]

1. e4 c5 2. Nf3 d6 3. d4 cxd4 4. Nxd4 Nf6 5. Nc3 g6 6. Be3 Nc6 7. f3 h5 8. Bb5 Bd7 9. Qd2 Nxd4 10. Bxd7+ Qxd7 11. Bxd4 Bh6 12. Be3 Bxe3 13. Qxe3 b5 14. O-O O-O 15. Rad1 Rac8 16. e5 Ne8 17. Nd5 Nc7 18.
Qh6 Nxd5 19. Rxd5 Qe6 20. Rxb5 Rxc2 21. f4 Qg4 22. Rf2 Qd1+ 23. Rf1 Qe2 24. Qg5 Qxb5 25.
a4 Qc5+ 26. Kh1 Rc1 0-1

[Event "Late-Titled-Tuesday-Blitz-September-05-2023"]
[Site "Chess.com"]
[Date "2023.09.05"]
[Round "4"]
[White "cande_francisco"]
[Black "pouya21"]
[Result "0-1"]
[WhiteElo "2559"]
[BlackElo "2802"]
[TimeControl "180+1"]
[EndTime "14:37:51 PDT"]
[Termination "pouya21 won by resignation"]

1. e4 c5 2. Nf3 d6 3. Bb5+ Nd7 4. d4 cxd4 5. Qxd4 a6 6. Bxd7+ Bxd7 7. c4 Nf6 8. Bg5 e6 9. Nc3 Be7 10. O-O Bc6 11. Qd3 O-O 12. Nd4 Qa5 13. Bf4 Rac8 14.
Rfd1 Rfd8 15. Nb3 Qh5 16. Bg3 Qg6 17. Re1 d5 18. cxd5 Nxd5 19. Qf3 Nxc3 20. bxc3 f5 21. Nd4 Bxe4 22. Qf4 Rxc3 23. Qe5 Bf6 24. Qxe6+ Qf7 25. Be5 Rxd4 26. Qxf7+ Kxf7 27. Bxd4 Bxd4 28. Rad1 Bf6 29. Rd7+ Kg6 30. f3 Bc6 31. Rc7 Rc2 32. Re6 Rxa2 33.
h4 h5 0-1

[Event "Late-Titled-Tuesday-Blitz-September-05-2023"]
[Site "Chess.com"]
[Date "2023.09.05"]
[Round "4"]
[White "olakenn"]
[Black "MajorCoast"]
[Result "1/2-1/2"]
[WhiteElo "1853"]
[BlackElo "2291"]
[TimeControl "180+1"]
[EndTime "14:37:51 PDT"]
[Termination "Game drawn by agreement"]

1. e4 c6 2. Nf3 g6 3. d4 d5 4. e5 h5 5. Bg5 Bg4 6. Qd2 Bxf3 7.
gxf3 Qb6 8. b3 e6 9. a3 Nh6 10.
Bh3 Nf5 11. Bxf5 gxf5 12. O-O c5 13. Bf6 Rg8+ 14. Kh1 Nd7 15. dxc5 Bxc5 16. Nc3 Nxf6 17. exf6 O-O-O 18. Na4 Qc7 19. Nxc5 Qxc5 20. c4 dxc4 21. Qf4 c3 22. Rac1 Rd4 23. Qe3 Rd5 24. Rxc3 1/2-1/2

[Event "Late-Titled-Tuesday-Blitz-September-05-2023"]
[Site "Chess.com"]
[Date "2023.09.05"]
[Round "4"]
[White "mbojan"]
[Black "biostatistician"]
[Result "1-0"]
[WhiteElo "2825"]
[BlackElo "2568"]
[TimeControl "180+1"]
[EndTime "14:37:58 PDT"]
[Termination "mbojan won by resignation"]

1. Nf3 Nf6 2. g3 b6 3. Bg2 Bb7 4. O-O g6 5. d3 Bg7 6. Nbd2 O-O 7. e4 c5 8. Re1 Nc6 9. c3 d5 10. e5 Ne8 11. Nf1 Nc7 12. h4 Ne6 13. N1h2 Qc7 14.
Qe2 d4 15. c4 Rae8 16. h5 f5 17. h6 Bh8 18. Bf4 Nxf4 19. gxf4 Nd8 20. Ng5 Bxg2 21. Kxg2 Ne6 22. Nxe6 Qc6+ 23. Nf3 Qxe6 24. Ng5 Qc6+ 25. Qf3 Qxf3+ 26. Kxf3 e6 27. b4 cxb4 28. Reb1 Re7 29.
Rxb4 Rc8 30. a4 Kf8 31. a5 Rb8 32. axb6 axb6 33. Rab1 Ra7 34. Rxb6 Rxb6 35. Rxb6 Ra3 36. Rb8+ Ke7 37. Rxh8 Rxd3+ 38. Ke2 1-0

[Event "Late-Titled-Tuesday-Blitz-September-05-2023"]
[Site "Chess.com"]
[Date "2023.09.05"]
[Round "4"]
[White "Haykoooo0o"]
[Black "Dzidzik2203"]
[Result "0-1"]
[WhiteElo "2479"]
[BlackElo "2350"]
[TimeControl "180+1"]
[EndTime "14:38:02 PDT"]
[Termination "Dzidzik2203 won by resignation"]

1. d4 Nf6 2. Nf3 e6 3. e3 b6 4.
Bd3 Bb7 5. Nbd2 c5 6. c3 d5 7. Ne5 Bd6 8. f4 O-O 9. Qf3 Nc6 10. O-O Ne7 11. g4 g6 12. g5 Nh5 13.
Qg4 Nf5 14. Ndf3 f6 15. gxf6 Nxf6 16. Qh3 Ne4 17. Bd2 Bxe5 18. fxe5 Qe7 19. Rae1 Rf7 20. Bc1 Raf8 21. Qg2 Nh4 22. Nxh4 Qxh4 23. Bxe4 dxe4 24. Bd2 Ba6 25. Rxf7 Rxf7 26. Qg3 Qh5 27. b3 Rf3 28. Qg2 Bd3 29. c4 Rf5 30. Kh1 Rg5 31. Qf2 Qf3+ 32. Qxf3 exf3 33. e4 f2 34. Rd1 Rg1+ 35. Rxg1 Bxe4+ 0-1

[Event "Late-Titled-Tuesday-Blitz-September-05-2023"]
[Site "Chess.com"]
[Date "2023.09.05"]
[Round "4"]
[White "jefferyx"]
[Black "Ermito2020"]
[Result "1-0"]
[WhiteElo "3024"]
[BlackElo "2597"]
[TimeControl "180+1"]
[EndTime "14:38:04 PDT"]
[Termination "jefferyx won on time"]

1. d4 d5 2. c4 e6 3. Nf3 h6 4. g3 Nf6 5. Bg2 Bd6 6. O-O O-O 7. Nc3 c6 8. b3 Nbd7 9. Bb2 Qe7 10. Re1 Ne4 11. Nxe4 dxe4 12. Ne5 e3 13. f4 Bb4 14. Rf1 Nxe5 15. fxe5 f6 16. exf6 Rxf6 17. Qd3 Bd2 18. Bc3 Rxf1+ 19. Rxf1 Qg5 20. h4 Qg4 21. Rf4 Qxg3 22. Rf3 Qe1+ 23. Rf1 Qxh4 24. Bxd2 exd2 25. Qxd2 Bd7 26. d5 cxd5 27. cxd5 e5 28. d6 Qd4+ 29.
Qxd4 exd4 30. Bxb7 Re8 31. Ba6 Re5 32. Bc4+ Kh7 33.
Rf7 Rg5+ 34. Kh2 Bg4 35. d7 Bxd7 36. Rxd7 Ra5 37. a4 h5 38. Rxd4 Kh6 39. Bb5 a6 40. b4 1-0

[Event "Late-Titled-Tuesday-Blitz-September-05-2023"]
[Site "Chess.com"]
[Date "2023.09.05"]
[Round "4"]
[White "Lady_Nika"]
[Black "Javylavilla"]
[Result "1-0"]
[WhiteElo "2481"]
[BlackElo "2302"]
[TimeControl "180+1"]
[EndTime "14:38:06 PDT"]
[Termination "Lady_Nika won by resignation"]

1. c4 Nf6 2. Nc3 g6 3. d4 Bg7 4. e4 d6 5. f3 O-O 6. Be3 c6 7.
Qd2 a6 8. Bd3 b5 9. Nge2 e5 10.
d5 bxc4 11. Bxc4 c5 12. b3 Nbd7 13. Na4 Nb6 14. Nxb6 Qxb6 15. a3 a5 16. O-O Ba6 17. Rfb1 Bxc4 18. bxc4 Qc7 19. Rb5 Nd7 20. Rab1 f5 21. Nc3 f4 22. Bf2 g5 23. Rb7 Qd8 24. Nb5 Rf6 25. Nc7 Rc8 26. Ne6 Qe8 27. h3 h5 28.
Qxa5 g4 29. hxg4 hxg4 30. Qa7 Rf7 31. Bh4 Ra8 32. Rxd7 Rxa7 33. Rd8 Qxd8 34. Nxd8 Rfd7 35. Rb8 Kh7 36. fxg4 Rxa3 37. Ne6 Rc3 38. Kh2 Rxc4 39. Kh3 Rxe4 40. Ng5+ Kg6 41. Nxe4 Ra7 42. Nxd6 Rd7 43. Rb6 Kh7 44. Rc6 c4 45. g5 c3 46. Nf5 Bh8 47.
g6+ 1-0

[Event "Late-Titled-Tuesday-Blitz-September-05-2023"]
[Site "Chess.com"]
[Date "2023.09.05"]
[Round "4"]
[White "vugarrasulov"]
[Black "MustafayevFarid2004"]
[Result "1-0"]
[WhiteElo "2972"]
[BlackElo "2666"]
[TimeControl "180+1"]
[EndTime "14:38:07 PDT"]
[Termination "vugarrasulov won by resignation"]

1. Nf3 Nf6 2. c4 c5 3. Nc3 g6 4. e3 Bg7 5. d4 cxd4 6. exd4 O-O 7. d5 d6 8. Be2 Bg4 9. O-O Nbd7 10. Nd4 Bxe2 11.
Qxe2 Rc8 12. Rd1 a6 13. b3 Qb6 14. Bb2 Rfe8 15. Rac1 Nh5 16. Na4 Qa5 17. Bc3 Qd8 18. g3 Nc5 19. Nxc5 dxc5 20. Nf5 Bxc3 21. Rxc3 Nf6 22.
Nh6+ Kg7 23. Ng4 Qd6 24. Re3 Nxg4 25. Qxg4 b5 26. Rde1 bxc4 27. bxc4 Rb8 28. h4 h5 29. Qe2 Kf8 30. Qd3 Qf6 31. Rf3 Qd4 32. Qxg6 1-0

[Event "Late-Titled-Tuesday-Blitz-September-05-2023"]
[Site "Chess.com"]
[Date "2023.09.05"]
[Round "4"]
[White "ketster"]
[Black "EsmeraldasAnderson03"]
[Result "1/2-1/2"]
[WhiteElo "2540"]
[BlackElo "2412"]
[TimeControl "180+1"]
[EndTime "14:38:08 PDT"]
[Termination "Game drawn by repetition"]

1. g3 d5 2. Bg2 Nf6 3. d4 c5 4.
Nf3 cxd4 5. Nxd4 e5 6. Nf3 Nc6 7.
O-O Be7 8. c4 dxc4 9. Na3 Bxa3 10. Qxd8+ Kxd8 11. bxa3 Be6 12. Rb1 Kc7 13. Nxe5 Nxe5 14.
Bf4 Nd7 15. Rxb7+ Kc8 16. Rxd7 Kxd7 17. Rd1+ Nd3 18. Bxa8 Rxa8 19. exd3 c3 20. Rc1 Rc8 21.
Rc2 Bf5 22. Be5 Bxd3 23. Rxc3 Rxc3 24. Bxc3 g6 25. f4 Bb1 26. Kf2 Bxa2 27. Ke3 Ke6 28. Bd4 a6 29. Bc5 Bd5 30. Kd4 Bg2 31.
Bb4 Kf5 32. Ke3 Kg4 33. Kf2 Bc6 34. Bd6 Kh3 35. Kg1 h5 36. Bc5 a5 37. Bd6 a4 38. Bc5 Be4 39. Bd6 Bc6 40. Bc5 Bb7 41. Bd6 Bc6 1/2-1/2

[Event "Late-Titled-Tuesday-Blitz-September-05-2023"]
[Site "Chess.com"]
[Date "2023.09.05"]
[Round "4"]
[White "Akhayan"]
[Black "laskakid"]
[Result "0-1"]
[WhiteElo "2354"]
[BlackElo "2237"]
[TimeControl "180+1"]
[EndTime "14:38:09 PDT"]
[Termination "laskakid won by resignation"]

1. e4 e5 2. Bc4 Nf6 3. d3 Bc5 4.
Nc3 Nc6 5. f4 d6 6. Nf3 Bg4 7. Na4 Bb6 8. Nxb6 axb6 9. h3 Bxf3 10. Qxf3 Nd4 11. Qf2 b5 12. Bb3 Nxb3 13. cxb3 exf4 14.
Bxf4 Qe7 15. O-O Nd7 16. a3 O-O 17. b4 f5 18. Rae1 fxe4 19. Rxe4 Qf7 20. Qe2 Rae8 21. Bg3 Rxe4 22. dxe4 Qxf1+ 23. Qxf1 Rxf1+ 24. Kxf1 Kf7 25. Ke2 Ke6 26. Kd3 Ne5+ 27. Kc3 Nc4 28. Bh4 Ke5 29. Bd8 c6 30. Bc7 Kxe4 31. b3 Ne3 32. Bxd6 Nxg2 33. a4 Nf4 34. h4 Ng6 35. h5 Nf4 36. h6 gxh6 37. a5 h5 38. Be7 Ng6 39. Bd8 h4 0-1

[Event "Late-Titled-Tuesday-Blitz-September-05-2023"]
[Site "Chess.com"]
[Date "2023.09.05"]
[Round "4"]
[White "micke12a"]
[Black "2346PL"]
[Result "1-0"]
[WhiteElo "2335"]
[BlackElo "2473"]
[TimeControl "180+1"]
[EndTime "14:38:11 PDT"]
[Termination "micke12a won by resignation"]

1. d4 d6 2. Nc3 e6 3. Nf3 g6 4.
Bf4 Bg7 5. Qd2 Ne7 6. h4 h5 7.
O-O-O b6 8. e4 Bb7 9. Kb1 Nd7 10. Ng5 a6 11. f3 b5 12. g4 Nb6 13. gxh5 Rxh5 14. Bg3 b4 15. Ne2 a5 16. Nf4 Rh8 17.
Nfxe6 fxe6 18. Nxe6 Qd7 19. Nxg7+ Kf7 20. Bh3 Qa4 21. Ne6 Nc4 22. Qf4+ Kg8 23. Qf6 Rh7 24. Ng5 Rg7 25. Be6+ Kh8 26. h5 1-0

[Event "Late-Titled-Tuesday-Blitz-September-05-2023"]
[Site "Chess.com"]
[Date "2023.09.05"]
[Round "4"]
[White "Chessbard1972"]
[Black "rickywsb"]
[Result "1-0"]
[WhiteElo "2510"]
[BlackElo "2370"]
[TimeControl "180+1"]
[EndTime "14:38:12 PDT"]
[Termination "Chessbard1972 won by resignation"]

1. d4 d5 2. c4 c6 3. Nf3 Nf6 4.
Nc3 e6 5. Bg5 Nbd7 6. cxd5 exd5 7. e3 h6 8. Bh4 g5 9. Bg3 Nh5 10. Be5 f6 11. Bg3 Nxg3 12. hxg3 Bg7 13. Bd3 Nf8 14. Qc2 Kf7 15. O-O-O a5 16. e4 b5 17. exd5 cxd5 18. Bxb5 Be6 19. Kb1 Qb6 20. Rhe1 a4 21. Bxa4 Ng6 22. Bb3 Rhd8 23. Re3 Ne7 24. Qe2 Bf5+ 25.
Bc2 Bxc2+ 26. Qxc2 Nc6 27. Qf5 Nb4 28. Rde1 Ra7 29. Re6 Qa5 30. a3 Rb8 31. Ne5+ Kg8 32. Nd7 Rxd7 33. Re8+ Rxe8 34. Rxe8+ 1-0

[Event "Late-Titled-Tuesday-Blitz-September-05-2023"]
[Site "Chess.com"]
[Date "2023.09.05"]
[Round "4"]
[White "Sacbutt"]
[Black "Colombiano07"]
[Result "1-0"]
[WhiteElo "2273"]
[BlackElo "2413"]
[TimeControl "180+1"]
[EndTime "14:38:12 PDT"]
[Termination "Sacbutt won by resignation"]

1. e4 c6 2. d4 d5 3. Nc3 dxe4 4. Nxe4 Bf5 5. Ng3 Bg6 6. Nf3 Nd7 7. h4 h6 8. h5 Bh7 9. Bd3 Bxd3 10. Qxd3 Qc7 11.
Bd2 Ngf6 12. O-O-O e6 13. Ne4 Nxe4 14. Qxe4 Nf6 15.
Qe2 Bd6 16. Kb1 O-O-O 17. c4 c5 18. Bc3 cxd4 19. Nxd4 a6 20. g3 Kb8 21. a3 Rd7 22. f4 Rhd8 23. Nf3 Ka8 24. Ne5 Bxe5 25. Rxd7 Qxd7 26. Bxe5 Qd3+ 27. Qxd3 Rxd3 28. Bxf6 gxf6 29. Rg1 Rf3 30. Kc2 Kb8 31. Rg2 Kc7 32. b3 Kc6 33.
Kb2 Kc5 34. Kc2 a5 35. Kb2 a4 36. bxa4 Kxc4 37. Rc2+ Kd5 38. Rc7 Rxg3 39. Rxb7 Rf3 40. a5 Rxf4 41. a6 Ra4 42. a7 f5 43. Kb3 Ra6 44.
Rxf7 Ke4 45. a4 f4 46. Kb4 f3 47. Kb5 Rxa7 48. Rxa7 Kd3 49. Rf7 Ke2 50. a5 e5 51.
a6 e4 52. a7 e3 53. a8=Q f2 54.
Qf3+ Ke1 55. Qxe3+ 1-0

[Event "Late-Titled-Tuesday-Blitz-September-05-2023"]
[Site "Chess.com"]
[Date "2023.09.05"]
[Round "4"]
[White "Alohamora11"]
[Black "Msb2"]
[Result "0-1"]
[WhiteElo "2553"]
[BlackElo "3078"]
[TimeControl "180+1"]
[EndTime "14:38:16 PDT"]
[Termination "Msb2 won on time"]

1. e4 e6 2. d4 d5 3. exd5 exd5 4.
Nc3 Nc6 5. Bf4 Bd6 6. Nge2 Nf6 7. Qd2 O-O 8. O-O-O Rb8 9. Ng3 b5 10. Nxb5 Bxf4 11. Qxf4 Ba6 12. Nc3 Bxf1 13. Rhxf1 Ne7 14. Nf5 Nxf5 15. Qxf5 c6 16. b3 Ne8 17. Rd3 Nd6 18. Qg4 Qa5 19. a4 Qb4 20. Re1 Ne4 21. Qf3 Qa3+ 22.
Kd1 f5 23. Ke2 Qb2 24. Kf1 Qxc2 25. Red1 Rxb3 26. Qe2 Rxc3 0-1

[Event "Late-Titled-Tuesday-Blitz-September-05-2023"]
[Site "Chess.com"]
[Date "2023.09.05"]
[Round "4"]
[White "The_Machine04"]
[Black "SilverCityIndigo"]
[Result "1-0"]
[WhiteElo "2610"]
[BlackElo "2311"]
[TimeControl "180+1"]
[EndTime "14:38:21 PDT"]
[Termination "The_Machine04 won by checkmate"]

1. d4 d5 2. Nf3 Nf6 3. e3 Bg4 4. h3 Bh5 5. g4 Bg6 6. Ne5 Nbd7 7. h4 h5 8. Nxg6 fxg6 9. g5 Ne4 10. Nd2 Nd6 11.
Bd3 Kf7 12. Qf3+ Kg8 13. Bxg6 c6 14. Bxh5 e5 15. Bg4 e4 16. Be6+ Nf7 17. Bxf7+ Kh7 18. g6+ Kh6 19. Qf4+ Kh5 20. Nf1 Qxh4 21. Ng3# 1-0

[Event "Late-Titled-Tuesday-Blitz-September-05-2023"]
[Site "Chess.com"]
[Date "2023.09.05"]
[Round "4"]
[White "ChessSwole"]
[Black "Tonychess32"]
[Result "1-0"]
[WhiteElo "2681"]
[BlackElo "2409"]
[TimeControl "180+1"]
[EndTime "14:38:22 PDT"]
[Termination "ChessSwole won by resignation"]

1. e4 b6 2. d4 Bb7 3. Bd3 g6 4. Nc3 Bg7 5. h4 h5 6. Be3 e6 7.
Nh3 d6 8. Qe2 Ne7 9. O-O-O Nbc6 10.
d5 Ne5 11. Bb5+ c6 12. dxc6 N5xc6 13. Kb1 Qc7 14. Ng5 a6 15. Ba4 b5 16. Bb3 Bc8 17.
Qd2 O-O 18. Qxd6 Qb7 19. g4 Na5 20. gxh5 Nxb3 21. axb3 a5 22. hxg6 Nxg6 23. h5 Ne7 24. h6 Bxc3 25. bxc3 f6 26. h7+ Kh8 27. Nf7+ Rxf7 28.
Qd8+ Kg7 29. h8=Q+ 1-0

[Event "Late-Titled-Tuesday-Blitz-September-05-2023"]
[Site "Chess.com"]
[Date "2023.09.05"]
[Round "4"]
[White "wadsy27"]
[Black "Beca95"]
[Result "0-1"]
[WhiteElo "2600"]
[BlackElo "2967"]
[TimeControl "180+1"]
[EndTime "14:38:26 PDT"]
[Termination "Beca95 won on time"]

1. c4 e5 2. g3 Nc6 3. Nc3 Bb4 4.
Bg2 Bxc3 5. bxc3 d6 6. d3 f5 7.
Nf3 h6 8. O-O Nf6 9. Ne1 O-O 10.
Nc2 Bd7 11. Nb4 e4 12. Rb1 Re8 13. Nd5 b6 14. Be3 Kh7 15. Qc2 Ne5 16. Nxf6+ Qxf6 17. dxe4 Nxc4 18. Bd4 Qg6 19. exf5 Bxf5 20. Qa4 Nd2 21. Bxa8 Nxb1 22. Bf3 c5 23. Be3 Nxc3 24. Qxa7 d5 25. h4 d4 26. h5 Qf6 27. Bf4 Nxe2+ 28. Bxe2 Rxe2 29. a4 Be4 30. Qd7 c4 31. Rd1 d3 32.
Be3 Rxe3 33. fxe3 Qf3 34. Rd2 Qxe3+ 35. Rf2 Qe1+ 0-1

[Event "Late-Titled-Tuesday-Blitz-September-05-2023"]
[Site "Chess.com"]
[Date "2023.09.05"]
[Round "4"]
[White "KejJaj"]
[Black "Chessdemon2019"]
[Result "1-0"]
[WhiteElo "2205"]
[BlackElo "2369"]
[TimeControl "180+1"]
[EndTime "14:38:27 PDT"]
[Termination "KejJaj won by resignation"]

1. d4 e6 2. Bf4 f5 3. e3 Nf6 4.
Bd3 d6 5. Nf3 g6 6. c4 Bg7 7.
Nc3 O-O 8. h3 Qe7 9. O-O Nbd7 10. e4 fxe4 11. Bxd6 cxd6 12. Bxe4 Nxe4 13. Nxe4 Nf6 14. Nc3 e5 15. Re1 e4 16. Ng5 Qc7 17.
Qb3 Kh8 18. Ngxe4 Nxe4 19. Nxe4 Bxd4 20. Rad1 Qb6 21. Qd3 Bg7 22. Nxd6 Bf5 23. Qd5 Qc7 24. g4 Bd7 25. Nf7+ Rxf7 26. Qxf7 Rf8 27. Qxd7 Qb6 28.
Re2 Bxb2 29. Rb1 Qc5 30. Rbxb2 Qxc4 31. Rbc2 Qf4 32. Rc8 Qf6 33. Rxf8+ Qxf8 34. Re8 1-0

[Event "Late-Titled-Tuesday-Blitz-September-05-2023"]
[Site "Chess.com"]
[Date "2023.09.05"]
[Round "4"]
[White "Durarbayli"]
[Black "HansOnTwitch"]
[Result "1-0"]
[WhiteElo "2877"]
[BlackElo "3006"]
[TimeControl "180+1"]
[EndTime "14:38:28 PDT"]
[Termination "Durarbayli won by checkmate"]

1. e4 c5 2. Nf3 Nc6 3. d4 cxd4 4. Nxd4 Nf6 5. Nc3 d6 6. f3 h5 7. Be3 e6 8. Qd2 a6 9. O-O-O Qc7 10. Kb1 b5 11. Nxc6 Qxc6 12. Ne2 Bb7 13. Rc1 Qc7 14. Nd4 d5 15. e5 Nd7 16. f4 g6 17. g3 Nb6 18. h3 Nc4 19. Bxc4 dxc4 20. Rhd1 c3 21. Qd3 Rc8 22. Nxe6 fxe6 23. Qxg6+ Ke7 24. Qf6+ Ke8 25. Qxh8 cxb2 26. Qxh5+ Ke7 27. Qh7+ Ke8 28. Qg6+ Ke7 29. Qf6+ Ke8 30. Qxe6+ Be7 31. Qg8+ Bf8 32. Qg6+ Ke7 33. Rd6 bxc1=Q+ 34. Bxc1 Qc4 35. Qf6+ Ke8 36. Qg6+ Ke7 37. Qh7+ Ke8 38. Qd7# 1-0

[Event "Late-Titled-Tuesday-Blitz-September-05-2023"]
[Site "Chess.com"]
[Date "2023.09.05"]
[Round "4"]
[White "IngOscarArdila"]
[Black "PabloZarnicki"]
[Result "0-1"]
[WhiteElo "2396"]
[BlackElo "2541"]
[TimeControl "180+1"]
[EndTime "14:38:30 PDT"]
[Termination "PabloZarnicki won by resignation"]

1. d4 Nf6 2. c4 g6 3. Nc3 Bg7 4. Nf3 O-O 5. e3 d5 6. Be2 c5 7. O-O cxd4 8. Nxd4 Nc6 9. Nxc6 bxc6 10. Qa4 Qb6 11.
Rd1 Bf5 12. Bf3 Ne4 13. Bd2 Nc5 14. Qa3 dxc4 15. e4 Nd3 16. Be3 Qxb2 17. Qxb2 Nxb2 18. Rdc1 Be6 19. Rc2 Na4 20. Bd2 Rfd8 21. Be1 Rd3 22. Be2 Rxc3 23. Bxc3 Nxc3 24. Re1 Nxe2+ 25. Rexe2 Bd4 26.
g3 c3 27. Kg2 Rb8 28. f4 Bc4 29. Re1 Rb2 30. Rc1 Bd3 31. Kf3 0-1

[Event "Late-Titled-Tuesday-Blitz-September-05-2023"]
[Site "Chess.com"]
[Date "2023.09.05"]
[Round "4"]
[White "TheMagician"]
[Black "Roedor"]
[Result "0-1"]
[WhiteElo "2078"]
[BlackElo "2425"]
[TimeControl "180+1"]
[EndTime "14:38:33 PDT"]
[Termination "Roedor won on time"]

1. d4 Nf6 2. c4 g6 3. Nc3 Bg7 4. e4 d6 5. f3 O-O 6. Be3 c5 7. Nge2 Nc6 8. Qd2 Qa5 9. Rd1 e5 10. dxe5 dxe5 11. b3 Nd4 12. Kf2 Nh5 13. Nd5 Qd8 14.
b4 b6 15. bxc5 bxc5 16. Nec3 Rb8 17. Bg5 f6 18. Bh6 Bxh6 19. Qxh6 f5 20. h4 Be6 21.
exf5 Bxf5 22. Rd2 e4 0-1

[Event "Late-Titled-Tuesday-Blitz-September-05-2023"]
[Site "Chess.com"]
[Date "2023.09.05"]
[Round "4"]
[White "Sjakkerntobi"]
[Black "Verony64"]
[Result "1-0"]
[WhiteElo "2462"]
[BlackElo "2258"]
[TimeControl "180+1"]
[EndTime "14:38:34 PDT"]
[Termination "Sjakkerntobi won by resignation"]

1. f4 e5 2. fxe5 d6 3. Nf3 dxe5 4. e4 Bd6 5. Bc4 Nf6 6. Qe2 Qe7 7. c3 c6 8. d3 Be6 9. Bb3 Nbd7 10. Be3 h6 11.
Nbd2 Ng4 12. Bg1 Ngf6 13. Bc2 Rd8 14. Be3 Bc7 15. O-O O-O 16. Kh1 Bg4 17. Rae1 Nh5 18. Qf2 Nf4 19. d4 f6 20. Qh4 Bxf3 21. Nxf3 Qf7 22. Bxf4 g5 23. Qf2 Kg7 24. Bc1 Qg6 25. dxe5 fxe5 26. Qe2 Nf6 27. Rd1 Rde8 28. Be3 Ng4 29.
Bg1 Qh5 30. h3 Bb6 31. Bxb6 axb6 32. Nh2 Nf6 33. Qxh5 Nxh5 34. Kg1 Ng3 35. Rfe1 Rf4 36. Nf1 Nh5 37. Ne3 Ref8 38. Nf5+ Kg8 39. Nxh6+ Kh7 40.
Nf5 Nf6 41. g3 Rf3 42. Kg2 g4 43. hxg4 Nxg4 44. Kxf3 1-0

[Event "Late-Titled-Tuesday-Blitz-September-05-2023"]
[Site "Chess.com"]
[Date "2023.09.05"]
[Round "4"]
[White "JacksterThePro"]
[Black "Tomytoteph"]
[Result "1-0"]
[WhiteElo "2437"]
[BlackElo "2618"]
[TimeControl "180+1"]
[EndTime "14:38:38 PDT"]
[Termination "JacksterThePro won by resignation"]

1. e4 c5 2. c3 g6 3. d4 cxd4 4. cxd4 d5 5. e5 Bg7 6. Nc3 Nc6 7. Nf3 Nh6 8. h3 O-O 9. Be2 Bf5 10. O-O Be4 11. Ng5 Bf5 12. Nf3 Rc8 13. Be3 Be4 14.
Ng5 Bf5 15. Rc1 f6 16. exf6 exf6 17. Nf3 Nf7 18. Qb3 Be4 19. Qxb7 Nd6 20. Qb3 Rb8 21. Qa3 Qd7 22. Nxe4 Nxe4 23. b3 Rfc8 24. Rc2 f5 25.
Rfc1 Bf8 26. Qa4 Rb4 27. Qa6 Rb6 28. Qa4 Bd6 29. Bb5 f4 30. Bxc6 Rcxc6 31. Rxc6 Rxc6 32. Qxc6 Qxc6 33. Rxc6 fxe3 34. fxe3 Ba3 35. Kf1 Bb4 36. Ke2 Ng3+ 37. Kd3 a5 38. Ne5 Ne4 39. Rc8+ Kg7 40. Rc7+ Kg8 41. Rd7 Nf2+ 42. Ke2 Ne4 43. Kf3 Ng5+ 44.
Ke2 Ne4 45. Kd1 g5 46. Kc2 Nf6 47. Ra7 h5 48. Nc6 Be1 49. Nxa5 g4 50. hxg4 Nxg4 51.
Kd3 Nf2+ 52. Ke2 Bxa5 53. Kxf2 Bb6 54. Rd7 1-0

[Event "Late-Titled-Tuesday-Blitz-September-05-2023"]
[Site "Chess.com"]
[Date "2023.09.05"]
[Round "4"]
[White "farzadbfd"]
[Black "FeketeBarika"]
[Result "1-0"]
[WhiteElo "2674"]
[BlackElo "2403"]
[TimeControl "180+1"]
[EndTime "14:38:38 PDT"]
[Termination "farzadbfd won by resignation"]

1. d4 Nf6 2. Nf3 e6 3. c4 d5 4. Nc3 Be7 5. Bg5 O-O 6. e3 h6 7. Bh4 Ne4 8. Bxe7 Qxe7 9. Rc1 Nxc3 10. bxc3 dxc4 11. Bxc4 b6 12. O-O Nd7 13. a4 c5 14.
a5 Bb7 15. Qe2 a6 16. axb6 Nxb6 17. Bd3 Nd5 18. Bb1 Rfb8 19. Qd3 g6 20. Ne5 Qg5 21.
e4 Nf4 22. Qf3 f6 23. Nd7 Rd8 24. Nxc5 Bc6 25. h4 Qxh4 26. g3 Nh3+ 27. Kg2 Qg5 28. Nxe6 Nf4+ 29. Qxf4 Qxf4 30. Nxf4 g5 31. Ne6 Re8 32.
Nc7 Rxe4 33. Bxe4 Bxe4+ 34. f3 1-0

[Event "Late-Titled-Tuesday-Blitz-September-05-2023"]
[Site "Chess.com"]
[Date "2023.09.05"]
[Round "4"]
[White "Smiechu"]
[Black "Andrei_Skvortsov"]
[Result "0-1"]
[WhiteElo "2419"]
[BlackElo "2633"]
[TimeControl "180+1"]
[EndTime "14:38:39 PDT"]
[Termination "Andrei_Skvortsov won on time"]

1. e4 c5 2. Nf3 d6 3. d4 Nf6 4. Nc3 cxd4 5. Nxd4 g6 6. Be3 Bg7 7. f3 O-O 8. Qd2 d5 9. exd5 Nxd5 10. Nxd5 Qxd5 11. c4 Qd7 12. Be2 Nc6 13. Nxc6 Qxc6 14. O-O Be6 15. Rac1 a5 16. Bh6 Bxh6 17. Qxh6 Qb6+ 18.
Kh1 Qxb2 19. Bd3 Qxa2 20. f4 Qb3 21. Bc2 Qb2 22. f5 gxf5 23. Bxf5 Qg7 24. Qh4 Bxf5 25. Rxf5 f6 26. Rf4 Kh8 27. Rg4 Qf7 28. Re1 a4 29.
c5 a3 30. Ra4 e5 31. Qb4 a2 32.
Ra1 Rxa4 33. Qxa4 Rd8 34. h3 Rd2 35. Qe4 Rd4 36. Qe2 Ra4 37. Qc2 Ra6 38. Qd2 Kg7 39. Qc2 Qd5 40. Qe2 Ra3 41. Qg4+ Kf8 42. Qc8+ Kf7 43. Qg4 Qd4 44. Qh5+ Kg7 0-1

[Event "Late-Titled-Tuesday-Blitz-September-05-2023"]
[Site "Chess.com"]
[Date "2023.09.05"]
[Round "4"]
[White "queen_iryna"]
[Black "in_shambles"]
[Result "1-0"]
[WhiteElo "2334"]
[BlackElo "2103"]
[TimeControl "180+1"]
[EndTime "14:38:40 PDT"]
[Termination "queen_iryna won on time"]

1. e4 c5 2. Nf3 e6 3. c4 a6 4. Nc3 Qc7 5. d4 cxd4 6. Nxd4 Nf6 7. a3 Nc6 8. Be3 Be7 9. Be2 O-O 10. O-O b6 11.
Rc1 Bb7 12. Nd5 exd5 13. cxd5 Nxe4 14. Qc2 Nc5 15. dxc6 dxc6 16. b4 Nd7 17. Nxc6 Bxc6 18. Qxc6 Qxc6 19. Rxc6 Bf6 20. Rd1 Rfd8 21. Rcd6 Ne5 22.
Rxd8+ Rxd8 23. Rxd8+ Bxd8 24. Bxa6 Ng6 25. Kf1 Kf8 26.
Ke2 Ke7 27. Bd3 Kd6 28. a4 Kd5 29. Bd2 1-0